Map: Acropolis LE

Players

Ctlese

  • Race: Protoss Protoss
  • League: Diamond
  • Spawn Location: 11:00

Parkkatz - Winner!

  • Race: Zerg Zerg
  • League: Platinum
  • Spawn Location: 5:00

VOD

Have the link to the VOD?

Description

Time

  • Played on: July 7, 2019, 1:03 p.m.
  • Length: 10:15
Show
View Real Time Build Order
Export as new Build Order

Ctlese Protoss 

Build Orders:  

Get SALT Encoding   

  12  0:01  Probe  
  13  0:13  Probe  
  14  0:21  Pylon  
  14  0:25  Probe  
  15  0:39  Probe  
  15  0:42  Gateway  
  16  0:47  Assimilator  
  16  0:51  Probe  
  17  1:04  Probe  
  18  1:15  Pylon  
  18  1:19  Probe  
  19  1:27  Gateway  
  19  1:30  Cybernetics Core  
  19  1:38  Probe  
  20  1:50  Probe  
  21  2:00  Assimilator  
  21  2:02  Probe  
  21  2:07  Pylon  
  22  2:12  Adept x2  
  26  2:29  Gateway  
  26  2:36  Warp Gate, Twilight Council  
  26  2:45  Nexus  
  26  2:55  Gateway  
  26  3:09  Gateway  
  26  3:28  Charge  
  26  3:30  Probe  
  25  3:38  Gateway  
  23  3:42  Probe, Pylon  
  24  3:50  Gateway  
  24  3:52  Stalker  
  24  3:55  Probe  
  27  4:07  Pylon  
  27  4:11  Pylon  
  27  4:25  Stalker x2  
  27  4:30  Gateway  
  31  4:35  Adept  
  27  5:00  Zealot x3  
  27  5:05  Probe x2  
  35  5:17  Probe  
  36  5:26  Pylon  
  36  5:30  Probe  
  37  5:38  Dark Shrine  
  37  5:40  Probe  
  38  5:43  Probe  
  38  5:47  Zealot x2  
  38  5:48  Zealot  
  45  5:53  Adept  
  47  5:58  Probe  
  47  5:59  Probe  
  49  6:04  Assimilator  
  49  6:09  Pylon  
  49  6:18  Probe  
  49  6:19  Probe  
  51  6:27  Probe x2  
  53  6:33  Gateway  
  53  6:35  Probe  
  54  6:40  Zealot x3  
  54  6:45  Adept  
  62  6:47  Stalker  
  64  6:57  Probe x2  
  66  7:02  Gateway  
  66  7:04  Shield Battery  
  66  7:09  Probe x2  
  66  7:12  Pylon  
  66  7:13  Zealot  
  70  7:21  Probe x2  
  60  7:32  Zealot x2  
  60  7:33  Dark Templar  
  60  7:34  Dark Templar  
  66  7:41  Probe x2  
  68  7:45  Assimilator  
  68  7:48  Gateway  
  68  7:53  Probe  
  68  7:55  Dark Templar  
  68  7:56  Stalker x2  
  58  8:17  Dark Templar x3  
  58  8:18  Dark Templar  
  44  8:34  Shield Battery, Stalker  
  44  8:35  Stalker  
  44  8:39  Robotics Facility  
  48  8:45  Stalker  
  48  8:47  Zealot x2  
  54  8:58  Stalker x2  
  54  8:59  Stalker  
  56  9:09  Zealot x2  
  58  9:15  Dark Templar  
  53  9:22  Dark Templar  
  47  9:33  Dark Templar  
  47  9:34  Zealot x2  
  47  9:35  Zealot  
  51  9:43  Zealot x2  
  53  9:47  Pylon  
  34  10:01  Dark Templar x2  
Show
View Real Time Build Order
Export as new Build Order

Parkkatz Zerg - Winner!

Build Orders: Hatch First 

Get SALT Encoding   

  12  0:01  Drone  
  13  0:12  Overlord  
  13  0:17  Drone  
  14  0:32  Drone x2  
  16  0:39  Drone  
  17  0:45  Drone  
  18  0:58  Drone  
  18  0:59  Hatchery  
  18  1:00  Extractor  
  17  1:13  Spawning Pool  
  17  1:15  Drone  
  17  1:19  Drone  
  18  1:29  Drone  
  19  1:46  Overlord  
  19  2:03  Queen  
  19  2:04  Zergling x4  
  23  2:13  Queen  
  23  2:14  Zergling x2  
  26  2:21  Metabolic Boost  
  26  2:24  Drone  
  26  2:25  Drone  
  28  2:32  Drone  
  28  2:33  Drone  
  30  2:43  Drone  
  31  2:51  Drone x2  
  33  2:55  Hatchery, Overlord  
  33  2:58  Drone  
  33  3:05  Queen  
  33  3:22  Zergling x2  
  33  3:23  Zergling x6  
  34  3:30  Zergling x2  
  34  3:31  Drone x3  
  34  3:32  Drone x3  
  39  3:36  Drone  
  40  3:54  Drone x3  
  43  4:07  Drone  
  43  4:09  Queen  
  46  4:28  Overlord x2  
  46  4:31  Drone x5  
  48  4:40  Lair  
  46  4:49  Drone x3  
  46  4:50  Drone x4  
  52  5:02  Roach Warren, Evolution Chamber  
  52  5:06  Drone x2  
  52  5:07  Extractor x2  
  52  5:08  Overlord x2  
  52  5:11  Overlord x2  
  50  5:22  Drone x2  
  50  5:23  Drone x2  
  50  5:24  Drone x2  
  56  5:32  Drone x3  
  56  5:35  Extractor x2  
  58  5:36  Drone x3  
  58  5:37  Drone x3  
  58  5:38  Drone x2  
  58  5:39  Drone  
  58  5:41  Queen  
  68  5:46  Zerg Melee Weapons Level 1  
  68  5:54  Zergling x10  
  73  6:01  Glial Reconstitution  
  73  6:04  Drone  
  73  6:05  Drone, Extractor  
  74  6:13  Hatchery  
  74  6:17  Hatchery  
  71  6:33  Roach x10  
  71  6:38  Hatchery  
  71  6:39  Drone x2  
  88  6:44  Spore Crawler  
  88  6:45  Spore Crawler x2  
  88  6:46  Drone x3  
  88  6:54  Roach  
  88  6:57  Overlord x2  
  88  6:58  Overlord x2  
  88  7:00  Overseer  
  90  7:16  Extractor  
  90  7:18  Roach  
  90  7:19  Roach x9  
  101  7:26  Zergling x4  
  99  7:34  Roach x5  
  99  7:35  Roach x3  
  115  7:38  Overlord x3  
  115  7:39  Queen  
  115  7:40  Queen  
  119  7:52  Zerg Melee Weapons Level 2  
  119  7:54  Zergling x8  
  119  7:55  Zergling x12  
  129  8:02  Overlord  
  127  8:11  Roach x2  
  127  8:12  Roach x7  
  128  8:21  Roach x5  
  136  8:28  Roach  
  136  8:29  Roach x3  
  136  8:32  Drone x3  
  146  8:46  Queen  
  146  8:47  Drone x2  
  146  8:48  Drone x3  
  153  8:50  Drone x3  
  153  8:53  Hydralisk Den  
  153  9:11  Overseer, Pneumatized Carapace  
  153  9:14  Drone x2  
  153  9:17  Spore Crawler  
  152  9:18  Extractor  
  147  9:28  Overlord  
  139  9:37  Queen x3  
  143  9:40  Overlord x3  
  137  9:51  Overseer  
Tags
 
Matchup
PvZ
Replay Pack
SC2 replays
Spawn Locations
Cross Positions
Add a new tag
Caveats
  • Supply blocks, unpowered buildings, or Contaminate may cause inaccurate times.
  • Supply counts are checked every 10 seconds.